 Dungeon Crawl Stone Soup version 0.23.2-1-ga50397a6bc (webtiles) character file.

Game seed: 6343260842305781823

837 Gargoyl the Skirmisher (level 7, -8/60 HPs)
             Began as a Centaur Abyssal Knight on May 20, 2019.
             Was a Priest of Lugonu.
             Mangled by an ogre
             ... wielding a +0 giant spiked club
              (19 damage)
             ... on level 6 of the Dungeon.
             The game lasted 00:08:06 (6834 turns).

Gargoyl the Skirmisher (Centaur Abyssal Knight)     Turns: 6834, Time: 00:08:07

Health: -8/60      AC: 11    Str: 15    XL:     7   Next: 66%
Magic:  10/10      EV:  8    Int: 11    God:    Lugonu [***...]
Gold:   510        SH:  0    Dex: 10    Spells: 6/6 levels left

rFire    + . .     SeeInvis .   a - +2 hand axe
rCold    . . .     Gourm    .   (no shield)
rNeg     . . .     Faith    .   f - +3 scale mail {rF+}
rPois    .         Spirit   .   (no helmet)
rElec    .         Reflect  .   (no cloak)
rCorr    .         Harm     .   q - +0 pair of gloves
MR       .....                  (no barding)
Stlth    ..........             (no amulet)
HPRegen  0.20/turn              (no ring)
MPRegen  0.12/turn              (no ring)

@: very quick
A: large, hooves 3, deformed body, speed 2, tough skin 3
a: Depart the Abyss, Bend Space, Banish, Renounce Religion


You were on level 6 of the Dungeon.
You worshipped Lugonu.
Lugonu was most pleased with you.
You were not hungry.

You visited 1 branch of the dungeon, and saw 6 of its levels.
You visited the Abyss 1 time.

You collected 510 gold pieces.

Inventory:

Hand Weapons
 a - a +2 hand axe (weapon)
Armour
 f - a +3 scale mail of fire resistance (worn)
 q - a +0 pair of gloves (worn)
Jewellery
 n - an uncursed ring of stealth
Wands
 r - a wand of paralysis (1)
 t - a wand of polymorph (6)
Scrolls
 d - 2 scrolls of teleportation
 g - 6 scrolls of identify
 h - 4 scrolls of remove curse
 w - a scroll of fog
Potions
 e - a potion of berserk rage
 j - a potion of lignification
 m - 3 potions of curing
 p - a potion of haste
 s - a potion of agility
 x - a potion of might
Comestibles
 c - 13 rations


   Skills:
 + Level 4.3 Fighting
 + Level 4.0 Axes
 * Level 4.0 Armour
 * Level 2.4 Dodging
 * Level 4.0 Invocations
 + Level 0.5 Evocations


You had 6 spell levels left.
You didn't know any spells.
Your spell library contained the following spells:

 Spells                   Type           Power        Failure   Level  Hunger
 Animate Skeleton         Necr           N/A          78%         1    ##.....
 Apportation              Tloc           #.....       78%         1    ##.....
 Confusing Touch          Hex            #.....       78%         1    ##.....
 Summon Small Mammal      Summ           #...         78%         1    ##.....


Dungeon Overview and Level Annotations

Branches:
Dungeon (6/15)             Temple (0/1) D:5

Altars:
Elyvilon
Kikubaaqudgha
Makhleb
Ru
Sif Muna
Vehumet
Xom
Zin
The Shining One


Innate Abilities, Weirdness & Mutations

You have hooves in place of feet.
Armour fits poorly on your strangely shaped body.
You cover ground very quickly.
You have extremely tough skin. (AC +3)


Message History

You feel less vulnerable to hostile enchantments.
Found a scroll of vulnerability.
Found a glowing golden altar of the Shining One.
c - 13 rations (gained 1)
An ogre comes into view. It is wielding a +0 giant spiked club.
The ogre shouts!
Found a ration.
The ogre hits you with a +0 giant spiked club!
You closely miss the ogre. You hit the ogre. You kick the ogre.
The ogre is moderately wounded.
The ogre hits you with a +0 giant spiked club!
You hit the ogre.
The ogre is heavily wounded.
The ogre hits you with a +0 giant spiked club!!
* * * LOW HITPOINT WARNING * * *
You slash the ogre!
The ogre is severely wounded.
The ogre hits you with a +0 giant spiked club!!
You die...

...... ...... .....
...# ...##.#
......# . #
..##..##
...#.#########.
........
#..............
.<###.. #...%.O@..#
..# ##...###..# ..#
##.##..# #..# ###
##...##..##..# ...
#.....+#..#..##
....# .......
#.....# ..###
..._... ###...#
#...#
.......##....##
##..##.....##..##.#


You could see an ogre.

Vanquished Creatures
  An orc warrior (D:3)
  A phantom (D:4)
  A centaur (D:5)
  A howler monkey (D:4)
  A hound (D:4)
  2 centaur skeletons
  3 orc priests (D:4)
  3 orc wizards
  2 worker ants
  A hound zombie (D:5)
  11 adders
  A shadow imp (D:6)
  An ooze (D:2)
  A dart slug (D:2)
  4 leopard geckos
  20 orcs
  A ball python (D:3)
  6 giant cockroaches
  11 hobgoblins
  4 jackals
  4 quokkas
  11 bats
  3 frilled lizards
  10 goblins
  3 kobolds (D:2)
  5 rats
112 creatures vanquished.

Vanquished Creatures (others)
  A frilled lizard (D:1)
1 creature vanquished.

Grand Total: 113 creatures vanquished

Notes
Turn   | Place    | Note
-------+----------+-------------------------------------------
     0 | Abyss:1  | Gargoyl the Centaur Abyssal Knight began the quest for the
                  | Orb.
     0 | Abyss:1  | Reached XP level 1. HP: 19/19 MP: 2/2
    99 | Abyss:2  | Noticed an ancient zyme
   105 | Abyss:2  | Noticed a chaos spawn
   106 | D:1      | Escaped the Abyss
   461 | D:1      | Reached * piety under Lugonu
   461 | D:1      | Reached XP level 2. HP: 24/26 MP: 3/3
   965 | D:1      | Reached skill level 1 in Dodging
  1199 | D:2      | Reached XP level 3. HP: 28/31 MP: 4/4
  1914 | D:2      | Reached XP level 4. HP: 38/39 MP: 5/5
  2129 | D:2      | Reached ** piety under Lugonu
  2364 | D:2      | You fall through a shaft for 2 floors!
  2391 | D:4      | Reached XP level 5. HP: 45/46 MP: 5/7
  2904 | D:3      | You fall through a shaft!
  2904 | D:4      | Noticed an orc warrior
  3018 | D:3      | Found a white marble altar of Elyvilon.
  3390 | D:3      | Killed an orc warrior
  3574 | D:4      | Reached XP level 6. HP: 19/52 MP: 8/8
  3923 | D:4      | Found a radiant altar of Vehumet.
  3926 | D:4      | Found a shimmering altar of Xom.
  3926 | D:4      | Found a deep blue altar of Sif Muna.
  3950 | D:4      | Found a burning altar of Makhleb.
  3953 | D:4      | Found an ancient bone altar of Kikubaaqudgha.
  4340 | D:4      | Found a glowing silver altar of Zin.
  4459 | D:4      | Found a sacrificial altar of Ru.
  4796 | D:5      | Entered Level 5 of the Dungeon
  5343 | D:4      | Reached XP level 7. HP: 26/59 MP: 9/9
  5349 | D:4      | Reached *** piety under Lugonu
  5920 | D:5      | Found a staircase to the Ecumenical Temple.
  6095 | D:5      | Found an ancient bone altar of Kikubaaqudgha.
  6819 | D:6      | Found a glowing golden altar of the Shining One.
  6834 | D:6      | Mangled by an ogre

Skill      XL: |  1  2  3  4  5  6  7 |
---------------+----------------------+-----
Dodging        | 1 2 |  2.4
Axes           | 2 3 4 |  4.0
Armour         | 2 3 4 |  4.0
Invocations    | 3 4 |  4.0
Fighting       | 4 |  4.3
Evocations     | |  0.5

Action                   |  1- 3 |  4- 6 |  7- 9 || total
-------------------------+-------+-------+-------++-------
Melee: Hand axe          |    86 |   188 |    62 ||   336
       Kick              |    12 |    47 |    14 ||    73
Invok: Depart the Abyss  |     1 |       |       ||     1
Evoke: Wand              |       |     4 |     9 ||    13
  Use: Scroll            |     5 |       |    10 ||    15
       Potion            |     2 |       |       ||     2
 Stab: Paralysed         |       |       |     3 ||     3
  Eat: Chunk             |     2 |     9 |     4 ||    15
Armor: Scale mail        |    84 |   162 |    41 ||   287
       Skin              |     2 |       |       ||     2
Dodge: Dodged            |    31 |   104 |    17 ||   152
